 Dungeon Crawl Stone Soup version 0.30-a0-956-gcec3b41aec (webtiles) character file.

Game seed: 1452781067480263402

39379 DavidChitty2 the Basher (level 14, -1/90 HPs)
             Began as a Gargoyle Fighter on Mar 29, 2023.
             Was an Elder of Okawaru.
             Killed from afar by a rime drake (17 damage)
             ... with an icy flash freeze
             ... on level 5 of the Lair of Beasts.
             The game lasted 00:24:10 (16567 turns).

DavidChitty2 the Basher (Gargoyle Fighter)         Turns: 16567, Time: 00:24:11

Health: -1/90      AC: 46    Str: 22    XL:     14   Next: 6%
Magic:  21/21      EV:  7    Int: 12    God:    Okawaru [****..]
Gold:   1501       SH: 11    Dex:  9    Spells: 13/13 levels left

rFire   + . .      SeeInvis .    a - +0 eveningstar (holy)
rCold   . . .      Faith    .    L - +0 kite shield
rNeg    + . .      Spirit   .    P - +9 shadow dragon scales of an ice cave {Fly rPois Stlth++++}
rPois   ∞          Reflect  .    l - +1 helmet
rElec   +          Rampage  .    g - +2 cloak
rCorr   .                        F - +1 pair of gloves of the Ditch-Digger {rF+}
Will    ++...                    N - +0 pair of boots
Stlth   ++                       (no amulet)
HPRegen 0.35/turn                i - +4 ring of slaying
MPRegen 0.17/turn                O - ring of willpower

@: flying
A: sickness immunity, AC +10, big wings, negative energy resistance 1,
electricity resistance, torment resistance 1, petrification resistance
a: Renounce Religion, Heroism, Finesse


You were on level 5 of the Lair of Beasts.
You worshipped Okawaru.
Okawaru was greatly pleased with you.
You visited 3 branches of the dungeon, and saw 17 of its levels.
You also visited: Sewer, Bailey and Volcano.

You collected 1501 gold pieces.

Inventory:

Hand Weapons
 a - a +0 eveningstar of holy wrath (weapon)
   (Okawaru gifted it to you on level 1 of the Lair of Beasts)
 f - a +0 hand crossbow of flaming
   (You found it in a volcano)
Missiles
 k - a throwing net (quivered) {!f}
Armour
 g - a +2 cloak (worn)
   (You found it on level 1 of the Dungeon)
 l - a +1 helmet (worn)
   (You found it on level 1 of the Dungeon)
 p - a +0 plate armour
   (You found it on level 2 of the Dungeon)
 F - the +1 pair of gloves of the Ditch-Digger (worn) {rF+}
   (You found it on level 5 of the Dungeon)

   rF:        It protects you from fire.
 L - a +0 kite shield (worn)
   (You found it on level 1 of the Lair of Beasts)
 N - a +0 pair of boots (worn)
   (You found it on level 8 of the Dungeon)
 P - the +9 shadow dragon scales of an ice cave (worn) {Fly rPois Stlth++++}
   (Okawaru gifted it to you on level 3 of the Lair of Beasts)

   rPois:     It protects you from poison.
   Fly:       It grants you flight.
   Stlth:     It makes you much more stealthy.
Jewellery
 i - a +4 ring of slaying (left hand)
   (You found it on level 1 of the Dungeon)
 o - a ring of protection from cold
   (You found it on level 2 of the Dungeon)
 z - a ring of see invisible
   (You found it on level 3 of the Dungeon)
 E - the amulet "Asyma Usu" {rPois rF- rN++ Regen+}
   (You took it off a kobold in a bailey)

   [amulet of regeneration]

   rF:        It makes you vulnerable to fire.
   rPois:     It protects you from poison.
   rN:        It greatly protects you from negative energy.
   Regen:     It increases your rate of health regeneration.
 J - a ring of resist corrosion
   (You found it on level 3 of the Dungeon)
 O - a ring of willpower (right hand)
   (You found it on level 3 of the Lair of Beasts)
Wands
 n - a wand of roots (14)
   (You found it on level 8 of the Dungeon)
 t - a wand of flame (2)
   (You took it off a kobold on level 9 of the Dungeon)
 u - a wand of paralysis (18)
   (You found it on level 8 of the Dungeon)
 x - a wand of acid (6)
   (You found it on level 2 of the Dungeon)
 H - a wand of polymorph (9)
   (You found it on level 9 of the Dungeon)
 T - a wand of mindburst (2)
   (You found it on level 4 of the Lair of Beasts)
Scrolls
 h - 2 scrolls of blinking
 s - 3 scrolls of enchant weapon
 v - 4 scrolls of enchant armour
 y - 5 scrolls of fog
 C - 3 scrolls of identify {@r1}
 G - 4 scrolls of teleportation {@r4}
 I - a scroll of brand weapon
 Q - a scroll of fear
 S - a scroll of amnesia
Potions
 b - 4 potions of curing {@q1}
 c - a potion of magic
 d - 4 potions of might
 e - 3 potions of flight
 j - a potion of resistance
 m - 4 potions of attraction {!q}
 q - 4 potions of brilliance
 r - 9 potions of mutation {!q}
 w - 4 potions of lignification {!q}
 A - a potion of invisibility
 B - 5 potions of haste {@q3}
 D - a potion of berserk rage
 K - a potion of cancellation
 M - 3 potions of heal wounds {@q2}
 R - a potion of ambrosia


   Skills:
 + Level 11.5 Fighting
 * Level 14.3 Maces & Flails
 + Level 11.4 Armour
 + Level 11.4 Shields
 - Level 10.0 Invocations


You had 13 spell levels left.
You didn't know any spells.
Your spell library contained the following spells:

 Spells                   Type           Power      Damage    Failure   Level
 Apportation              Tloc           0%         N/A       98%         1
 Foxfire                  Conj/Fire      0%         2x1d2     98%         1
 Kiss of Death            Conj/Necr      0%         2d5       98%         1
 Magic Dart               Conj           0%         1d3       98%         1
 Necrotise                Necr           0%         1d4       98%         1
 Static Discharge         Conj/Air       0%         2-2/arc   99%         2
 Confusing Touch          Hex            0%         N/A       100%        3
 Dazzling Flash           Conj/Hex       0%         N/A       100%        3
 Mephitic Cloud           Conj/Pois/Air  0%         N/A       100%        3
 Ozocubu's Armour         Ice            0%         N/A       100%        3
 Vampiric Draining        Necr           0%         2d6       100%        3
 Vhi's Electric Charge    Tloc/Air       0%         N/A       100%        3
 Anguish                  Hex/Necr       0%         N/A       100%        4
 Dispel Undead            Necr           0%         3d6       100%        4
 Agony                    Necr           0%         N/A       100%        5
 Alistair's Intoxication  Tmut/Pois      0%         N/A       100%        5
 Arcjolt                  Conj/Air       0%         1d10      100%        5
 Fireball                 Conj/Fire      0%         3d3       100%        5
 Plasma Beam              Fire/Air       0%         2x1d7     100%        5
 Silence                  Hex/Air        0%         N/A       100%        5
 Starburst                Conj/Fire      0%         6d3       100%        6
 Enfeeble                 Hex            0%         N/A       100%        7
 Ozocubu's Refrigeration  Ice            0%         4d7       100%        7
 Call Imp                 Summ           Unusable   N/A       N/A         2

Dungeon Overview and Level Annotations

Branches:
Dungeon (11/15)            Temple (1/1) D:5            Lair (5/5) D:8
  Swamp (0/4) Lair:2        Snake (0/4) Lair:3        Slime (0/5) Lair:4
    Orc (0/2) D:10          Sewer (visited)          Bailey (visited)
Volcano (visited)

Altars:
Ashenzari
Cheibriados
Dithmenos
Elyvilon
Fedhas
Gozag
Hepliaklqana
Kikubaaqudgha
Makhleb
Nemelex Xobeh
Okawaru
Qazlal
Ru
Sif Muna
Trog
Uskayaw
Vehumet
Wu Jian
Xom
Yredelemnul
Zin
The Shining One
Jiyva

Shops:
D:8 *   D:10 ([


Innate Abilities, Weirdness & Mutations

You are immune to sickness and miasma.
Your stone body is resilient. (AC +10)
You are immune to poison.
Your large and strong wings let you fly.
You resist negative energy. (rN+)
You are resistant to electric shocks. (rElec)
You are resistant to unholy torment.
You are immune to petrification.


Message History

You puncture the eight-headed hydra!
The rime drake bites you but does no damage.
The black mamba bites you!
* * * LOW HITPOINT WARNING * * *
The eight-headed hydra bites you.
* * * LOW HITPOINT WARNING * * *
The eight-headed hydra bites you but does no damage.
You block the eight-headed hydra's attack.
The eight-headed hydra bites you but does no damage. x2
The eight-headed hydra barely misses you.
The eight-headed hydra bites you but does no damage. x2
The rime drake bites you but does no damage.
The eight-headed hydra attacks as you move away!
The eight-headed hydra bites you but does no damage.
The eight-headed hydra closely misses you.
The eight-headed hydra completely misses you.
The eight-headed hydra bites you.
* * * LOW HITPOINT WARNING * * *
The eight-headed hydra bites you!
* * * LOW HITPOINT WARNING * * *
The eight-headed hydra barely misses you.
You block the eight-headed hydra's attack.
The eight-headed hydra bites you.
* * * LOW HITPOINT WARNING * * *
The rime drake attacks as you move away!
The rime drake bites you but does no damage.
The eight-headed hydra attacks as you move away!
The eight-headed hydra bites you but does no damage.
The eight-headed hydra closely misses you.
The eight-headed hydra bites you but does no damage.
The eight-headed hydra closely misses you.
The eight-headed hydra bites you but does no damage. x4
The eight-headed hydra attacks as you move away!
The eight-headed hydra bites you but does no damage. x2
You block the eight-headed hydra's attack.
The eight-headed hydra bites you but does no damage. x3
You block the eight-headed hydra's attack.
The eight-headed hydra bites you but does no damage.
The rime drake breathes ice at you. You block the icy flash freeze.
You bludgeon the eight-headed hydra!!
You kill the eight-headed hydra!
Okawaru accepts your kill. The black mamba bites you.
* * * LOW HITPOINT WARNING * * *
You hit the black mamba. The black mamba bites you!
* * * LOW HITPOINT WARNING * * *
The rime drake breathes ice at you. The icy flash freeze hits you!
You die...

###### ######.##.####
##............# .
#.......#.#..## ##
..###..#.#.###.#.# ##.
#.....#..## ##..## ### ##..
.#........k###.#..# ..###...
..........S@###..)#....#####
..................#...######
.#.###.###...........###.#P.
# ## ###..#...#####.....
##.##...###..#†#†
####..###....†..
##########.##.....#..
##.....P.##.##.....#.#
#..P........##..[}.###


You could see a black mamba and a rime drake (catching breath).

Vanquished Creatures
  A stone giant (Arena)
  A dire elephant (Lair:5)
  7 hydras
  2 catoblepae
  A boulder beetle (Lair:1)
  A two-headed ogre (D:10)
  5 death yaks
  Amaemon (Lair:2)
  A skyshark (Lair:4)
  2 lindwurms (Lair:5)
  Pikel (D:7)
  8 elephants
  3 black mambas
  3 gargoyles (Volcano)
  A torpor snail (Lair:4)
  An orange demon (Lair:2)
  2 rime drakes (Lair:5)
  7 cane toads
  An efreet (Volcano)
  4 komodo dragons
  A troll (D:10)
  Grinder (D:4)
  4 blink frogs (Lair:2)
  2 dream sheep (Lair:5)
  3 wyverns
  39 yaks
  A wraith (D:9)
  4 basilisks
  2 fire elementals (Volcano)
  10 vampire mosquitoes
  2 wargs (D:8)
  3 nagas (Lair:3)
  2 acid dragons
  10 water moccasins
  Pargi (Sewer)
  14 orc warriors
  A black bear (D:5)
  7 wolves (Lair:5)
  An ogre (D:7)
  A centaur (D:10)
  3 phantoms
  Blork the orc (D:4)
  3 kobold brigands
  12 bullfrogs
  4 scorpions
  9 killer bees
  4 electric eels
  2 howler monkeys (D:8)
  2 jellies
  2 quasits (D:6)
  4 orc priests
  5 hounds
  A gnoll bouda (D:9)
  2 sleepcaps (D:5)
  Natasha (twice) (D:4)
  8 orc wizards
  7 hell rats (Lair:2)
  8 gnolls
  8 adders
  A river rat (D:5)
  2 shadow imps
  6 white imps
  2 ufetubi (D:6)
  3 worms
  6 dart slugs
  29 orcs
  4 bats
  4 endoplasms
  2 giant cockroaches (D:1)
  14 goblins
  5 hobgoblins
  2 jackals (D:2)
  A quokka (D:2)
  7 ball pythons
  7 frilled lizards
  31 kobolds
  9 rats
  A butterfly (Lair:2)
385 creatures vanquished.

Vanquished Creatures (others)
  3 demonic plants (D:6)
  25 fungi
  34 plants
62 creatures vanquished.

Grand Total: 447 creatures vanquished

Notes
Turn   | Place    | Note
-------+----------+-------------------------------------------
     0 | D:1      | DavidChitty2 the Gargoyle Fighter began the quest for the
                  | Orb.
     0 | D:1      | Reached XP level 1. HP: 14/14 MP: 1/1
   130 | D:1      | Reached XP level 2. HP: 19/19 MP: 2/2
   370 | D:1      | Reached XP level 3. HP: 23/23 MP: 3/3
  1241 | D:3      | Reached skill level 3 in Maces & Flails
  1241 | D:3      | Reached XP level 4. HP: 29/29 MP: 4/4
  1980 | D:4      | Noticed Natasha
  1987 | D:4      | Killed Natasha
  1987 | D:4      | Noticed Grinder
  2000 | D:4      | Noticed Natasha
  2002 | D:4      | Killed Grinder
  2003 | D:4      | Reached skill level 4 in Maces & Flails
  2003 | D:4      | Reached XP level 5. HP: 18/34 MP: 5/5
  2003 | D:4      | Reached XP level 6. HP: 21/39 MP: 6/6
  2006 | D:4      | Killed Natasha
  2412 | D:4      | Noticed Blork the orc
  2428 | D:4      | Killed Blork the orc
  2566 | D:4      | Reached XP level 7. HP: 42/44 MP: 7/7
  3097 | D:5      | Entered Level 5 of the Dungeon
  3179 | D:5      | Found a glowing drain.
  3205 | Sewer    | Entered a sewer
  3228 | Sewer    | Noticed Pargi
  3240 | Sewer    | Killed Pargi
  3241 | Sewer    | Reached skill level 5 in Fighting
  3241 | Sewer    | Reached skill level 5 in Maces & Flails
  3241 | Sewer    | Reached skill level 5 in Shields
  3438 | D:5      | Found a staircase to the Ecumenical Temple.
  3447 | Temple   | Entered the Ecumenical Temple
  3634 | Temple   | Became a worshipper of Warmaster Okawaru
  3680 | D:5      | Reached skill level 5 in Armour
  3794 | D:5      | Found a sacrificial altar of Ru.
  3994 | D:5      | Identified the +1 pair of gloves of the Ditch-Digger {rF+}
  4144 | D:5      | Reached skill level 1 in Invocations
  4159 | D:5      | Reached XP level 8. HP: 49/50 MP: 7/9
  4476 | D:6      | Reached skill level 6 in Maces & Flails
  4705 | D:6      | Reached * piety under Okawaru
  5236 | D:7      | Reached XP level 9. HP: 55/55 MP: 11/11
  5302 | D:7      | Found a flagged portal.
  5314 | D:7      | Reached skill level 7 in Maces & Flails
  5342 | D:7      | Noticed Pikel
  5359 | D:7      | Killed Pikel
  5359 | D:7      | Reached ** piety under Okawaru
  5381 | Bailey   | Entered a bailey
  5627 | Bailey   | Identified the amulet "Asyma Usu" {rPois rF- rN++ Regen+}
  5635 | Bailey   | Reached skill level 8 in Maces & Flails
  6626 | D:7      | Found a shimmering altar of Xom.
  6626 | D:7      | Found a white marble altar of Elyvilon.
  6696 | D:8      | Found Toitob's Changing Room.
  6703 | D:7      | Reached XP level 10. HP: 61/63 MP: 13/13
  6763 | D:8      | Reached skill level 5 in Invocations
  6983 | D:8      | Reached *** piety under Okawaru
  6991 | D:8      | Reached skill level 9 in Maces & Flails
  7162 | D:8      | Found a staircase to the Lair.
  7930 | D:9      | Reached **** piety under Okawaru
  8206 | D:10     | Entered Level 10 of the Dungeon
  8323 | D:10     | Found Nemuseob's Armour Emporium.
  8325 | D:10     | Found Tutumogg's Weapon Emporium.
  8325 | D:10     | Found a staircase to the Orcish Mines.
  8604 | D:10     | Noticed a two-headed ogre
  8614 | D:10     | Killed a two-headed ogre
  8615 | D:10     | Reached skill level 10 in Maces & Flails
  8811 | D:10     | Reached XP level 11. HP: 68/68 MP: 15/15
  9448 | D:11     | Reached ***** piety under Okawaru
  9721 | Lair:1   | Entered Level 1 of the Lair of Beasts
  9911 | Lair:1   | Received a gift from Okawaru
 10234 | Lair:1   | Noticed a boulder beetle
 10251 | Lair:1   | Killed a boulder beetle
 10502 | Lair:1   | Received a gift from Okawaru
 10503 | Lair:1   | Reached skill level 11 in Maces & Flails
 10674 | Lair:1   | Noticed a catoblepas
 10694 | Lair:1   | Killed a catoblepas
 10863 | Lair:1   | You fall into a shaft and drop 1 floor!
 11207 | Lair:2   | Noticed Amaemon
 11215 | Lair:2   | Killed Amaemon
 11282 | Lair:2   | Noticed an eight-headed hydra
 11295 | Lair:2   | Killed an eight-headed hydra
 11296 | Lair:2   | Reached XP level 12. HP: 12/76 MP: 14/17
 11854 | Lair:2   | Found a staircase to the Swamp.
 12346 | Lair:3   | Found a dark tunnel.
 12369 | Lair:3   | Reached skill level 12 in Maces & Flails
 12475 | Volcano  | Entered a volcano
 12538 | Volcano  | Noticed a stone giant
 12543 | Arena    | Entered the Arena
 12558 | Arena    | Killed a stone giant
 12798 | Volcano  | Reached skill level 10 in Fighting
 13040 | Lair:3   | Reached skill level 10 in Armour
 13040 | Lair:3   | Reached skill level 10 in Shields
 13293 | Lair:3   | Found a staircase to the Snake Pit.
 13486 | Lair:3   | Noticed a four-headed hydra
 13507 | Lair:3   | Killed a four-headed hydra
 13565 | Lair:3   | Noticed a seven-headed hydra
 13579 | Lair:3   | Killed a seven-headed hydra
 13668 | Lair:3   | Identified the +9 shadow dragon scales of an ice cave {Fly
                  | rPois Stlth++++} (Okawaru gifted it to you on level 3 of
                  | the Lair of Beasts)
 13668 | Lair:3   | Received a gift from Okawaru
 14051 | Lair:3   | Noticed a five-headed hydra
 14062 | Lair:3   | Killed a five-headed hydra
 14130 | Lair:4   | Noticed a catoblepas
 14134 | Lair:4   | Noticed a skyshark
 14145 | Lair:4   | Reached XP level 13. HP: 79/83 MP: 11/19
 14216 | Lair:4   | Reached skill level 13 in Maces & Flails
 14375 | Lair:4   | Found a viscous altar of Jiyva.
 14570 | Lair:4   | Found a staircase to the Slime Pits.
 15517 | Lair:5   | Entered Level 5 of the Lair of Beasts
 15820 | Lair:5   | Noticed a dire elephant
 15836 | Lair:5   | Killed a dire elephant
 16138 | Lair:5   | Reached skill level 14 in Maces & Flails
 16138 | Lair:5   | Reached skill level 10 in Invocations
 16299 | Lair:5   | Gained mutation: Your large and strong wings let you fly.
                  | [Gargoyle growth]
 16299 | Lair:5   | Reached XP level 14. HP: 71/90 MP: 21/21
 16567 | Lair:5   | Killed from afar by a rime drake

Illustrated notes

Levels and vault maps discovered:
D:1:      saegor_arrival_simple_d, layout_basic, nicolae_wormholes
D:2:      layout_loops_ring
D:3:      layout_basic
D:4:      layout_loops_cross, uniq_natasha, uniq_blork_the_orc, uniq_grinder
D:5:      layout_basic, general_overflow_altar, minmay_temple_entry_offerings,
          portal_sewer_entry_a, st_stairs_5, serial_bayou_lake_a
D:6:      layout_loops_cross, serial_demonic, serial_demonic_c,
          serial_demonic_d, serial_demonic_b, serial_demonic_e,
          serial_demonic_b, serial_demonic_g
D:7:      layout_loops_ring, gammafunk_temple_overflow_elements, enter_bailey_5,
          serial_aquarium, aquarium_bridge_straight [aquarium_subvault_bridge,
          aquarium_subvault_wall, aquarium_subvault_bridge,
          aquarium_subvault_wall], aquarium_window_3, aquarium_window_1,
          aquarium_view_2d, aquarium_view_2a, uniq_pikel
D:8:      layout_rooms, erik_lair_orcish_takeover, nicolae_transmutations_shop
D:9:      layout_cave_pods, kennysheep_path_1
D:10:     layout_basic, orc_david_3, st_stairs_7
D:11:     wad_cavern_with_rooms, layout_irregular_city,
          hellmonk_ghost_happy_afterlife, serial_glass, glass_columns_c,
          glass_columns_c, glass_columns_a, glass_columns_b, glass_columns_c
Temple:   nicolae_temple_bog_church
Lair:1:   layout_regular_city, minmay_holes, grunt_megastairs_4,
          lemuel_fruit_fields, lemuel_fruit_fields
Lair:2:   layout_chaotic_city, minmay_swamp_entry_swarm,
          infiniplex_staircase_pool_2, serial_bayou_shore_b, uniq_amaemon
Lair:3:   layout_big_grid, nicolae_snake_entry_squirm,
          nicolae_volcano_entry_hallway
Lair:4:   layout_loops_ring, slime_entry_1, grunt_megastairs_1
Lair:5:   hangedman_lair_in_review, layout_loops_ring, wormcave,
          bobbens_dragon_lair_wall

Skill      XL: |  1  2  3  4  5  6  7  8  9 10 11 12 13 |
---------------+----------------------------------------+-----
Maces & Flails | 3 4 5 6 8 10 11 12 14 | 14.3
Shields        | 4 5 6 7 8 9 10 11 | 11.4
Fighting       | 4 5 6 7 8 9 10 11 | 11.5
Armour         | 4 5 6 7 8 9 10 11 | 11.4
Invocations    | 1 3 4 6 7 8 10 | 10.0

Action                     |  1- 3 |  4- 6 |  7- 9 | 10-12 | 13-15 || total
---------------------------+-------+-------+-------+-------+-------++-------
  Melee: Flail             |   123 |   104 |   317 |   333 |       ||   877
         Eveningstar       |       |       |       |   298 |   344 ||   642
  Throw: Boomerang         |       |       |    15 |       |       ||    15
 Invoke: Heroism           |       |       |     2 |    11 |     5 ||    18
         Finesse           |       |       |       |     3 |     2 ||     5
         Duel              |       |       |       |     1 |       ||     1
  Evoke: Wand              |       |     6 |     1 |    12 |       ||    19
    Use: Scroll            |       |       |    17 |     8 |     2 ||    27
         Potion            |       |       |     1 |     2 |       ||     3
 Armour: Scale mail        |    70 |       |       |       |       ||    70
         Plate armour      |    17 |    91 |   297 |   511 |       ||   916
         Shadow dragon sca |       |       |       |    16 |   353 ||   369
  Dodge: Dodged            |    65 |    26 |   100 |   178 |   122 ||   491
  Block: Buckler           |    31 |    24 |    84 |   123 |       ||   262
         Kite shield       |       |       |       |   196 |   252 ||   448

Table legend: (Time is in decaauts)
 A = Elapsed time spent in this place.
 B = Non-inter-level travel time spent in this place.
 C = Inter-level travel time spent in this place.
 D = Time resting spent in this place.
 E = Time spent auto-exploring this place.
 F = Levels seen in this place.
 G = Mean time per level.
                   A        B        C        D        E       F      G
               +--------+--------+--------+--------+--------+-----+--------+
         Total |  16697 |  15749 |    948 |   1917 |  10280 |  21 |  795.1 |
       Dungeon |   8790 |   8154 |    636 |    326 |   6151 |  11 |  799.1 |
        Temple |    208 |    178 |     30 |      0 |    158 |   1 |  208.0 |
          Lair |   6181 |   5900 |    281 |   1409 |   3238 |   5 | 1236.2 |
         Sewer |    221 |    221 |      0 |      0 |    129 |   1 |  221.0 |
        Bailey |    775 |    775 |      0 |     96 |    283 |   1 |  775.0 |
       Volcano |    495 |    495 |      0 |     77 |    319 |   1 |  495.0 |
         Arena |     26 |     26 |      0 |      9 |      0 |   1 |   26.0 |
               +--------+--------+--------+--------+--------+-----+--------+

Top non-repeatable levels by time:
  Lair:1: 1479 daAuts
  Lair:3: 1259 daAuts
  Lair:2: 1240 daAuts
    D:10: 1230 daAuts
     D:4: 1197 daAuts
  Lair:4: 1196 daAuts
     D:5: 1017 daAuts
  Lair:5: 1005 daAuts
     D:8: 886 daAuts
     D:9: 833 daAuts
     D:3: 788 daAuts
  Bailey: 775 daAuts
     D:6: 770 daAuts
     D:7: 767 daAuts
     D:2: 648 daAuts
